 Dungeon Crawl Stone Soup version 0.28-a0-732-g75e6d9beac (webtiles) character file.

Game seed: 18192490187255235214

2445 EnegeticOcto the Carver (level 9, -5/68 HPs)
             Began as a Human Warper on Oct 29, 2021.
             Was a Priest of Sif Muna.
             Slain by a cyclops (26 damage)
             ... on level 7 of the Dungeon.
             The game lasted 00:22:05 (9965 turns).

EnegeticOcto the Carver (Human Warper)              Turns: 9965, Time: 00:22:06

Health: -5/68      AC:  9    Str: 14    XL:     9   Next: 78%
Magic:  12/12      EV: 11    Int: 14    God:    Sif Muna [***...]
Gold:   52         SH:  0    Dex: 19    Spells: 12/12 levels left

rFire   . . .      SeeInvis .   D - +3 short sword (elec)
rCold   . . .      Faith    +   (no shield)
rNeg    . . .      Spirit   .   z - +1 scale mail {Will+}
rPois   .          Reflect  .   o - +0 helmet
rElec   .          Harm     .   j - +0 cloak
rCorr   .          Rampage  .   (no gloves)
Will    +....                   (no boots)
Stlth   +.........              x - amulet of faith
HPRegen 0.21/turn               r - +6 ring of dexterity
MPRegen 0.13/turn               (no ring)

@: no status effects
A: no striking features
a: Renounce Religion, Channel Magic, Forget Spell


You were on level 7 of the Dungeon.
You worshipped Sif Muna.
Sif Muna was most pleased with you.
You visited 1 branch of the dungeon, and saw 7 of its levels.

You collected 306 gold pieces.
You spent 254 gold pieces at shops.

Inventory:

Hand Weapons
 a - a +2 halberd of venom
   (You took it off Blork the orc on level 5 of the Dungeon)
 h - a +0 long sword
   (You found it on level 2 of the Dungeon)
 B - a +2 dagger of protection
   (You found it on level 5 of the Dungeon)
 D - a +3 short sword of electrocution (weapon)
   (You took it off Duvessa on level 6 of the Dungeon)
Missiles
 d - 5 boomerangs of dispersal
 e - 211 stones
 i - 20 poisoned darts (quivered)
 p - 5 datura-tipped darts
Armour
 b - a +0 leather armour
 j - a +0 cloak (worn)
   (You found it on level 4 of the Dungeon)
 o - a +0 helmet (worn)
   (You found it on level 2 of the Dungeon)
 q - a +0 chain mail
   (You took it off an orc on level 2 of the Dungeon)
 z - a +1 scale mail of willpower (worn)
   (You found it on level 4 of the Dungeon)
Magical Staves
 t - a staff of poison
   (You found it on level 4 of the Dungeon)
 y - a staff of death
   (You found it on level 4 of the Dungeon)
Jewellery
 r - a +6 ring of dexterity (left hand)
   (You found it on level 7 of the Dungeon)
 x - an amulet of faith (around neck)
   (You took it off a kobold brigand on level 4 of the Dungeon)
Wands
 k - a wand of paralysis (3)
   (You bought it in a shop on level 4 of the Dungeon)
 A - a wand of flame (13) {@v4}
   (You took it off Blork the orc on level 5 of the Dungeon)
Scrolls
 c - 2 scrolls of blinking {@r4}
 g - 2 scrolls of immolation
 n - a scroll of vulnerability
 u - a scroll of fog {!r}
 C - a scroll of enchant armour {unknown}
Potions
 f - 2 potions of flight
 l - 2 potions of mutation {unknown}
 m - a potion of attraction
 s - 2 potions of curing {@q1 !q}
 v - 2 potions of cancellation {unknown}
 w - a potion of heal wounds {@q2 !q}
 E - a potion of ambrosia {unknown}
 F - a potion of might {unknown}


   Skills:
 - Level 5.0 Fighting
 * Level 3.2(7.1) Short Blades
 - Level 10.0(10.2) Long Blades
 - Level 1.0 Throwing
 - Level 1.0 Armour
 - Level 4.0 Dodging
 - Level 2.0 Stealth
 - Level 2.0 Spellcasting
 - Level 3.0 Translocations
 - Level 3.0 Evocations


You had 12 spell levels left.
You didn't know any spells.
Your spell library contained the following spells:

 Spells                   Type           Power      Damage    Failure   Level
 Blink                    Tloc           18%        N/A       41%         2
 Gell's Gravitas          Tloc           4%         N/A       65%         3
 Lesser Beckoning         Tloc           9%         N/A       65%         3
 Teleport Other           Tloc           9%         N/A       65%         3
 Animate Skeleton         Necr           2%         N/A       71%         1
 Freeze                   Ice            4%         1d3       71%         1
 Pain                     Necr           4%         1d4       71%         1
 Confusing Touch          Hex            1%         N/A       97%         3
 Dazzling Flash           Conj/Hex       2%         N/A       97%         3
 Frozen Ramparts          Ice            2%         1d2       97%         3
 Vampiric Draining        Necr           0%         2d6       97%         3
 Hailstorm                Conj/Ice       1%         3d3       100%        4
 Leda's Liquefaction      Hex/Erth       0%         N/A       100%        4
 Manifold Assault         Tloc           9%         N/A       100%        5
 Simulacrum               Ice/Necr       0%         N/A       100%        6


Dungeon Overview and Level Annotations

Branches:
Dungeon (7/15)             Temple (0/1) D:4

Altars:
Hepliaklqana
Qazlal
Sif Muna
Beogh

Shops:
D:4 *   D:6 *

Portals:
Bailey: D:7


Message History

r - a +6 ring of dexterity You feel agile.
r - a +6 ring of dexterity (left hand)
An orc comes into view. It is wielding a +0 club.
The orc moves out of view.
There is a stone staircase leading up here.
Found 23 gold pieces and a scroll of identify.
There is a stone staircase leading up here.
You hit the orc.
The orc is moderately wounded.
The orc hits you but does no damage.
You puncture the orc! Lightning courses through the orc!
You kill the orc!
Sif Muna accepts your kill.
No target in view!
Things that are here:
a +0 club; a +0 ring mail
Found 2 potions of degeneration.
Found a stone staircase leading up.
G - a scroll of identify {@r1} You now have 52 gold pieces (gained 23).
As you read the scroll of identify {@r1}, it crumbles to dust.
m - a potion of attraction A killer bee zombie comes into view.
You hear the faint creaking of a portcullis.
The killer bee zombie hits you but does no damage.
You puncture the killer bee zombie!
The killer bee zombie is moderately damaged.
The killer bee zombie misses you.
The killer bee zombie hits you but does no damage.
You hit the killer bee zombie.
Lightning courses through the killer bee zombie!
You destroy the killer bee zombie!
Sif Muna accepts your kill.
You open the door. 2 goblins, 2 gnolls and a cyclops come into view.
The gnoll shouts!
The goblin shouts! x2; The cyclops shouts!
You hear a shout!
An orc comes into view. It is wielding a +0 dagger.
Found 6 potions of degeneration and 11 gold pieces.
Found a flagged portal.
Press: ? - help, v - describe, . - travel
Here: a cyclops, quivering large rocks A flagged portal.
You closely miss the goblin. The goblin closely misses you.
You hit the goblin.
You kill the goblin!
Sif Muna accepts your kill. The goblin barely misses you.
You hit the goblin. Lightning courses through the goblin!!
You kill the goblin!
Sif Muna accepts your kill.
You can now freely open your mind to new spells.
The gnoll barely misses you.
You hit the gnoll.
The gnoll is moderately wounded.
The gnoll hits you with a +0 hand axe.
You completely miss the gnoll.
The gnoll is moderately wounded.
The gnoll completely misses you.
You barely miss the gnoll.
The gnoll is moderately wounded.
You hit the gnoll.
The gnoll is severely wounded.
The gnoll closely misses you.
You barely miss the gnoll.
The gnoll is severely wounded.
The gnoll hits you but does no damage.
You hit the gnoll but do no damage.
The gnoll is severely wounded.
The gnoll misses you.
You hit the gnoll.
The gnoll is almost dead.
You hit the gnoll but do no damage.
The gnoll is almost dead.
The gnoll misses you.
You hit the gnoll.
You kill the gnoll!
Sif Muna accepts your kill. The cyclops hits you!!
Items here: ))) ††.
You hit the cyclops.
The cyclops is lightly wounded.
The cyclops barely misses you.
You hit the cyclops but do no damage.
The cyclops is lightly wounded.
You puncture the cyclops!
The cyclops is moderately wounded.
The cyclops hits you!
Okay, then.
Aiming: Paralyse
Press: ? - help, Shift-Dir - straight line, f - cyclops
Aim: a cyclops, quivering large rocks (moderately wounded, chance to affect: 37%)
Okay, then.
Okay, then.
You hit the cyclops. Lightning courses through the cyclops!!
The cyclops is severely wounded.
You barely miss the cyclops.
The cyclops is severely wounded.
The cyclops hits you!!
You die...

,,,,***,,,,,,,,,*
*****,,,****
,,,,,,,,,,,..,,,* **,,,,,,
,,,,***,,,,..,,,* ******,
,,,,* ****...##** *, ,,,,*
***....# *********, *****
#.,..#.# ***####,,,,,,,,,
#.*#.#!# *,....#*********
#.*#.#.####g.!..# *
#.*#.#...@Co.∩..#
#.*#.#.####!....#
**######.##)#.# *,...!#
,,........<.#.############**
***####...#...............,*
*
#...#######...######,******
# #...# ##.## *,,,,,,, ###
#...# #<# *,****** ..#
#...######*#.# *,*****


You could see a cyclops, a gnoll and an orc.

Vanquished Creatures
  A steam dragon (D:6)
  Duvessa (D:6)
  A black bear (D:5)
  A necrophage (D:4)
  6 ogres
  A phantom (D:4)
  A kobold brigand (D:4)
  Blork the orc (D:5)
  2 bullfrogs (D:6)
  A wyvern zombie (D:6)
  2 scorpions
  Dowan (D:6)
  A water moccasin skeleton (D:5)
  4 killer bees (D:4)
  A howler monkey (D:4)
  A bullfrog zombie (D:6)
  3 jellies
  A bullfrog skeleton (D:5)
  2 centaur skeletons
  A hound (D:5)
  3 iguanas (D:4)
  4 orc wizards (D:5)
  2 killer bee zombies
  13 adders
  A gnoll (D:7)
  An ufetubus (D:5)
  An adder skeleton (D:4)
  2 worms
  3 dart slugs
  10 orcs
  9 endoplasms
  4 giant cockroaches
  10 goblins
  8 hobgoblins
  A jackal (D:2)
  8 kobolds
  2 quokkas
  6 ball pythons
  7 bats
  4 frilled lizards
  4 rats
136 creatures vanquished.

Vanquished Creatures (others)
  An orc wizard (D:5)
1 creature vanquished.

Grand Total: 137 creatures vanquished

Notes
Turn   | Place    | Note
-------+----------+-------------------------------------------
     0 | D:1      | EnegeticOcto the Human Warper began the quest for the Orb.
     0 | D:1      | Reached XP level 1. HP: 16/16 MP: 3/3
   134 | D:1      | Reached skill level 1 in Stealth
   232 | D:1      | Reached XP level 2. HP: 22/22 MP: 5/5
   248 | D:1      | Reached skill level 2 in Stealth
   580 | D:1      | Reached XP level 3. HP: 25/27 MP: 6/6
   831 | D:2      | Got the Reference Book on Bewitching Cold
   893 | D:2      | Reached skill level 3 in Long Blades
  1602 | D:2      | Reached XP level 4. HP: 32/33 MP: 7/7
  1811 | D:2      | Found a faded altar of an unknown god.
  1817 | D:2      | Prayed at the altar of an unknown god.
  1817 | D:2      | Became a worshipper of Sif Muna the Loreminder
  1817 | D:2      | Reached * piety under Sif Muna
  2044 | D:2      | Reached skill level 4 in Long Blades
  2517 | D:3      | Found a hazy altar of Hepliaklqana.
  2752 | D:3      | Reached XP level 5. HP: 26/38 MP: 8/8
  3646 | D:4      | Found Vek Cace's Assorted Antiques.
  3659 | D:4      | Bought a scroll of identify for 42 gold pieces
  3659 | D:4      | Bought a murky inky potion for 18 gold pieces
  3659 | D:4      | Bought a scroll of identify for 42 gold pieces
  3659 | D:4      | Bought a scroll labelled OTRURRU ISASH for 21 gold pieces
  3703 | D:4      | Reached skill level 5 in Long Blades
  3996 | D:4      | Noticed an ogre
  4203 | D:4      | Killed an ogre
  4204 | D:4      | Reached XP level 6. HP: 36/44 MP: 9/9
  4418 | D:4      | Reached skill level 6 in Long Blades
  4463 | D:4      | Reached skill level 3 in Fighting
  4646 | D:4      | Noticed a necrophage
  4682 | D:4      | Killed a necrophage
  4683 | D:4      | Reached XP level 7. HP: 43/52 MP: 10/10
  4750 | D:4      | Reached ** piety under Sif Muna
  5122 | D:4      | Reached skill level 7 in Long Blades
  5239 | D:4      | Reached XP level 8. HP: 17/58 MP: 11/11
  5647 | D:4      | Reached skill level 8 in Long Blades
  5682 | D:4      | Found a staircase to the Ecumenical Temple.
  5809 | D:4      | Bought a glass wand for 84 gold pieces
  5812 | D:5      | Entered Level 5 of the Dungeon
  6152 | D:5      | Reached skill level 4 in Fighting
  6460 | D:5      | Reached skill level 5 in Fighting
  6700 | D:5      | Noticed Blork the orc
  6713 | D:5      | Killed Blork the orc
  7192 | D:5      | Reached skill level 9 in Long Blades
  7362 | D:5      | Reached XP level 9. HP: 48/68 MP: 12/12
  7547 | D:5      | Found a stormy altar of Qazlal.
  7790 | D:5      | Reached skill level 10 in Long Blades
  8199 | D:5      | Reached skill level 1 in Evocations
  8380 | D:6      | Noticed Dowan
  8381 | D:6      | Noticed Duvessa
  8695 | D:6      | Reached skill level 3 in Dodging
  8695 | D:6      | Reached skill level 2 in Evocations
  8703 | D:6      | Killed Duvessa
  8726 | D:6      | Killed Dowan
  9001 | D:6      | Reached skill level 1 in Short Blades
  9218 | D:6      | Reached skill level 3 in Evocations
  9227 | D:6      | Reached skill level 2 in Short Blades
  9387 | D:6      | Found Ephesiq's Assorted Antiques.
  9393 | D:6      | Bought a scroll labelled ILIEMY ZIRAMIY for 25 gold pieces
  9393 | D:6      | Bought a ruby potion for 22 gold pieces
  9422 | D:6      | Reached skill level 4 in Dodging
  9571 | D:6      | Reached skill level 3 in Short Blades
  9943 | D:7      | Found a flagged portal.
  9943 | D:7      | Noticed a cyclops
  9949 | D:7      | Reached *** piety under Sif Muna
  9965 | D:7      | Slain by a cyclops

Illustrated notes

Levels and vault maps discovered:
D:1:      lemuel_arrival_rhombus, layout_basic
D:2:      layout_loops_ring, hellmonk_ecumenical_altar_defaced_shrine,
          minmay_tall_x
D:3:      layout_loops_ring, mainiacjoe_overflow_catwalk
D:4:      minmay_octagon_keep, layout_loops_corners, minmay_temple_entry_ruins,
          serial_shops, nicolae_stop_n_shop_1
D:5:      cheibrodos_iron_armory, layout_loops_cross,
          nicolae_qazlal_style_of_elements, minmay_misc_feat_plants,
          hangedman_decor_growths, uniq_blork_the_orc
D:6:      layout_loops_ring, serial_shops, shop, uniq_duvessa
D:7:      layout_loops_ring, enter_bailey_7

Skill      XL: |  1  2  3  4  5  6  7  8  9 |
---------------+----------------------------+-----
Stealth        | 1 2 |  2.0
Long Blades    | 3 4 5 6 7 9 10 | 10.0
Fighting       | 3 5 |  5.0
Evocations     | 3 |  3.0
Dodging        | 4 |  4.0
Short Blades   | 3 |  3.2
Throwing       | |  1.0
Armour         | |  1.0
Spellcasting   | |  2.0
Translocations | |  3.0

Action                   |  1- 3 |  4- 6 |  7- 9 || total
-------------------------+-------+-------+-------++-------
Melee: Falchion          |   111 |       |       ||   111
       Long sword        |       |   170 |   263 ||   433
       Unarmed           |       |       |     8 ||     8
       Short sword       |       |       |    69 ||    69
Throw: Stone             |    59 |    18 |    28 ||   105
       Dart              |       |     6 |    27 ||    33
Evoke: Wand              |       |       |     6 ||     6
  Use: Scroll            |     3 |     3 |    10 ||    16
       Potion            |       |     1 |     3 ||     4
 Stab: Sleeping          |     1 |       |       ||     1
       Paralysed         |       |       |    12 ||    12
Armor: Leather armour    |    35 |     5 |       ||    40
       Scale mail        |       |    59 |   137 ||   196
       Skin              |       |       |    14 ||    14
Dodge: Dodged            |    69 |    74 |   134 ||   277

Table legend: (Time is in decaauts)
 A = Elapsed time spent in this place.
 B = Non-inter-level travel time spent in this place.
 C = Inter-level travel time spent in this place.
 D = Time resting spent in this place.
 E = Time spent auto-exploring this place.
 F = Levels seen in this place.
 G = Mean time per level.
                   A        B        C        D        E       F      G
               +--------+--------+--------+--------+--------+-----+--------+
         Total |   9994 |   9713 |    281 |   2728 |   4670 |   7 | 1427.7 |
       Dungeon |   9994 |   9713 |    281 |   2728 |   4670 |   7 | 1427.7 |
               +--------+--------+--------+--------+--------+-----+--------+

Top non-repeatable levels by time:
     D:4: 2532 daAuts
     D:5: 2187 daAuts
     D:2: 1756 daAuts
     D:6: 1476 daAuts
     D:3: 1220 daAuts
     D:1: 744 daAuts
     D:7: 76 daAuts
